[Event "ICC Open 2015"]
[Site "Internet Chess Club"]
[Date "2015.05.29"]
[Round "5"]
[White "siso"]
[Black "RichardZ"]
[Result "1-0"]
[ICCResult "Black forfeits on time"]
[WhiteElo "1678"]
[BlackElo "1402"]
[Opening "Sicilian, Chekhover variation"]
[ECO "B53"]
[NIC "SI.02"]
[Time "20:09:03"]
[TimeControl "180+0"]

1. e4 c5 2. Nf3 d6 3. d4 cxd4 4. Qxd4 Nf6 5. e5 Nc6 6. Bb5 dxe5 7. Bxc6+
bxc6 8. Qxd8+ Kxd8 9. Nxe5 Kc7 10. Nxf7 Rg8 11. Bf4+ Kb7 12. O-O Be6 13. Ng5
Bd5 14. Nc3 h6 15. Nxd5 Nxd5 16. Nh3 g5 17. Bd2 e5 18. f3 Bc5+ 19. Kh1 Rad8
20. Rad1 Nf4 21. Nxf4 exf4 22. Bc3 h5 23. a4 Bf2 24. b4 Be3 25. a5 g4 26.
fxg4 hxg4 27. Rfe1 g3 28. h3 Rh8 29. Bf6 Rxd1 30. Rxd1 Rh6 31. Bg5 Rh5 32.
h4 f3 33. Bxe3 Rxh4+ 34. Kg1 f2+ 35. Kf1 Rh1+ 36. Ke2 Rxd1 37. Bxf2 gxf2 38.
Kxf2 Rd2+ 39. Kf3 Rxc2 40. g4 Rc4 41. g5 Rxb4 42. g6 Rb5 43. Kf4 Rxa5 44. g7
Ra4+ 45. Kf5 Ra5+ 46. Kf6 Rb5 47. g8=Q a5 48. Qf7+ Kb6 49. Kg6 a4 50. Qe8
Ka5 51. Qa8+ Kb4 52. Qf8+ Rc5 53. Qf4+ Kb5 54. Qd2 {Black forfeits on time}
1-0

[Event "ICC Open 2015"]
[Site "Internet Chess Club"]
[Date "2015.05.29"]
[Round "5"]
[White "chessassassin"]
[Black "ultramagic1"]
[Result "1/2-1/2"]
[ICCResult "Game drawn because neither player has mating material"]
[WhiteElo "1721"]
[BlackElo "1793"]
[Opening "Grünfeld: modern exchange variation"]
[ECO "D85"]
[NIC "GI.04"]
[Time "20:08:51"]
[TimeControl "180+0"]

1. d4 Nf6 2. c4 g6 3. Nc3 d5 4. cxd5 Nxd5 5. e4 Nxc3 6. bxc3 Bg7 7. Nf3 c5
8. Rb1 O-O 9. Be2 Nc6 10. d5 Ne5 11. Nxe5 Bxe5 12. Qd2 Qa5 13. Rb3 e6 14.
O-O exd5 15. exd5 Bd7 16. c4 Qxd2 17. Bxd2 b6 18. Bf3 Rad8 19. Bh6 Rfe8 20.
Re3 Bg7 21. Bxg7 Kxg7 22. Rfe1 Rxe3 23. Rxe3 Bf5 24. Be4 Re8 25. Bxf5 Rxe3
26. fxe3 gxf5 27. Kf2 Kf6 28. a4 Ke5 29. Kf3 a6 30. Ke2 b5 31. axb5 axb5 32.
cxb5 Kxd5 33. Kd3 c4+ 34. Kc3 Kc5 35. b6 Kxb6 36. Kxc4 Kc6 37. Kd4 Kd6 38.
h4 Ke6 39. g3 Kf6 40. Kd5 Kg6 41. Ke5 f6+ 42. Ke6 h6 43. h5+ Kg5 44. Kf7
Kxh5 45. Kxf6 Kg4 46. Ke5 h5 47. Kf6 Kxg3 48. Kxf5 h4 49. e4 h3 50. e5 h2
51. e6 h1=Q 52. Kf6 Qe1 53. e7 Kf4 54. Kf7 Qxe7+ 55. Kxe7
{Game drawn because neither player has mating material}
1/2-1/2

[Event "ICC Open 2015"]
[Site "Internet Chess Club"]
[Date "2015.05.29"]
[Round "5"]
[White "druskacik"]
[Black "Shadeath"]
[Result "1/2-1/2"]
[ICCResult "Game drawn by mutual agreement"]
[WhiteElo "2494"]
[BlackElo "2910"]
[Opening "Queen's pawn"]
[ECO "A40"]
[NIC "QO.17"]
[Time "20:09:25"]
[TimeControl "180+0"]

1. d4 c6 2. Nf3 Nf6 3. Bg5 g6 4. Bxf6 exf6 5. Nbd2 d5 6. c3 f5 7. g3 Bg7 8.
Bg2 O-O 9. e3 Nd7 10. h4 Nf6 11. Qc2 h5 12. c4 Ne4 13. b4 a5 14. b5 cxb5 15.
cxb5 Qb6 16. a4 Be6 17. Nxe4 fxe4 18. Ng5 Rfc8 19. Qb3 Bf8 20. O-O Rc7 21.
Rac1 Rac8 22. Qb2 Bb4 23. Nxe6 Qxe6 24. Rxc7 Rxc7 25. Rc1 Qc8 26. Rxc7 Qxc7
27. Qb3 Qd7 28. Qc2 f5 29. Bf1 Kf7 30. Be2 Ke7 31. Kg2 Kd6 32. f4 exf3+ 33.
Kxf3 Qe6 34. Bd3 Qd7 35. b6 Qc6 36. Qxc6+ bxc6 37. Kf4 Be1 38. Kg5 Bxg3 39.
Kxg6 Bxh4 40. Kxf5 Bf2 41. Kf4 h4 42. Bf1 Bg3+ 43. Kf3 Be1 44. Bh3 Bd2 45.
Ke2 Bc1 46. Kd3 Ba3 47. e4 dxe4+ 48. Kxe4 Bb2 49. Bg4 Bc1 50. Kd3 Bg5 51.
Kc4 Bd8 52. b7 Kc7 53. d5 Kxb7 54. dxc6+ Kxc6 55. Kd3 Kc5 56. Ke2 Kd4 57.
Kf1 Ke3 58. Kg2 Kf4 59. Kh3 Kg5 60. Bd7 Bf6 61. Bb5 Bd8 62. Bc6
{Game drawn by mutual agreement}
1/2-1/2

[Event "ICC Open 2015"]
[Site "Internet Chess Club"]
[Date "2015.05.29"]
[Round "5"]
[White "manitodeplomo"]
[Black "HematiteBrown"]
[Result "0-1"]
[ICCResult "White checkmated"]
[WhiteElo "2626"]
[BlackElo "2179"]
[Opening "Queen's pawn: Lundin (Kevitz-Mikenas) defense"]
[ECO "A40"]
[NIC "QO.17"]
[Time "20:08:41"]
[TimeControl "180+0"]

1. d4 Nc6 2. d5 Ne5 3. f4 Ng6 4. e4 e6 5. dxe6 fxe6 6. Nf3 d5 7. e5 Nh6 8.
Bd3 Bc5 9. g3 O-O 10. Nc3 Nf5 11. Qe2 a5 12. Bd2 c6 13. O-O-O b5 14. Ng5 Qe8
15. Qh5 h6 16. Nf3 Nxf4 17. Qg4 Nxd3+ 18. cxd3 a4 19. Ne2 a3 20. b3 Be3 21.
Rhf1 Qe7 22. Kc2 Qc5+ 23. Kb1 Bxd2 24. Nxd2 Ne3 25. Rxf8+ Qxf8 26. Qd4 Nxd1
27. Nf4 Qf5 28. Kc1 Nb2 29. b4 g5 30. Nh5 Qxd3 31. Nf6+ Kf7 32. Qf2 Qf5 33.
Qe2 Nc4 34. Nb3 Qxe5 35. Qxe5 Nxe5 36. Nh5 Bd7 37. h3 Ra4 38. g4 Rxb4 39.
Kd2 Rc4 40. Na5 Rd4+ 41. Kc3 Re4 42. Nb7 Re3+ 43. Kd4 Rxh3 44. Kxe5 Rh2 45.
Nd6+ Ke7 46. Nb7 Rxa2 47. Nc5 Re2+ 48. Kd4 a2 49. Nb3 Re1 50. Ng3 a1=Q+ 51.
Nxa1 Rxa1 52. Ne2 Ra4+ 53. Kc5 Rxg4 54. Nc3 Rc4+ 55. Kb6 Rxc3 56. Kc7 d4 57.
Kb7 d3 58. Kb6 d2 59. Kc7 b4 60. Kb7 c5 61. Kb6 c4 62. Kc7 b3 63. Kb6 Rd3
64. Kc5 c3 65. Kb4 c2 66. Ka3 c1=Q+ 67. Kb4 Rd4+ 68. Ka5 Qa3+ 69. Kb6 Qd6+
70. Kb7 Rb4+ 71. Ka8 Qb8# {White checkmated} 0-1

[Event "ICC Open 2015"]
[Site "Internet Chess Club"]
[Date "2015.05.29"]
[Round "5"]
[White "Sjelan"]
[Black "WayTooRighteous"]
[Result "0-1"]
[ICCResult "White forfeits on time"]
[WhiteElo "2199"]
[BlackElo "1944"]
[Opening "Queen's bishop game"]
[ECO "D02"]
[NIC "QP.08"]
[Time "20:08:50"]
[TimeControl "180+0"]

1. d4 d5 2. Nf3 Nf6 3. Bf4 e6 4. c3 c5 5. e3 Nc6 6. Nbd2 Bd6 7. Bxd6 Qxd6 8.
Bd3 cxd4 9. exd4 h6 10. O-O O-O 11. Re1 Bd7 12. Qe2 b5 13. Bxb5 Rab8 14. b4
Ne7 15. Bxd7 Nxd7 16. Nb3 Rfc8 17. Nc5 Nb6 18. Ne5 Nc6 19. f4 Nxe5 20. fxe5
Qe7 21. Rf1 Nc4 22. Rab1 Rb6 23. a4 a5 24. b5 Rxc5 25. dxc5 Qxc5+ 26. Kh1
Qa3 27. Qf3 Rb7 28. Ra1 Qb3 29. Rfb1 Qc2 30. Rc1 Qb3 31. Re1 Qc2 32. h3 Qd2
33. Re2 Qg5 34. Rae1 Qg6 35. Qf2 Qd3 36. Qc5 Kh7 37. Qc8 Rb6 38. Qc7 Qg6 39.
Rf1 Kg8 40. Ref2 Ne3 41. Qxb6 Nxf1 42. Rxf1 Qh5 43. Qb8+ Kh7 44. Rg1 Qe2 45.
Qc7 Qf2 46. b6 g5 47. b7 g4 48. b8=Q gxh3 49. Kh2 Qf4+ 50. g3 Qf2+ 51. Kxh3
Qf5+ 52. Kg2 Qe4+ 53. Kf1 Qf3+ 54. Ke1 Qe3+ 55. Kd1 Qd3+ 56. Kc1 Qe3+ 57.
Kc2 Qxg1 58. Kb3 Qg2 59. Qc5 Kg6 {White forfeits on time} 0-1

[Event "ICC Open 2015"]
[Site "Internet Chess Club"]
[Date "2015.05.29"]
[Round "5"]
[White "depressnyak"]
[Black "Dlugy"]
[Result "1/2-1/2"]
[ICCResult "Game drawn because neither player has mating material"]
[WhiteElo "3237"]
[BlackElo "3040"]
[Opening "Queen's pawn, Mason variation"]
[ECO "D00"]
[NIC "QP.08"]
[Time "20:08:50"]
[TimeControl "180+0"]

1. d4 d5 2. Bf4 Nf6 3. e3 c5 4. dxc5 e6 5. b4 a5 6. c3 axb4 7. cxb4 Nc6 8.
Bb5 Bd7 9. Qb3 b6 10. Bxc6 Bxc6 11. b5 Bb7 12. c6 Bc8 13. Nf3 Ne4 14. O-O
Be7 15. a4 O-O 16. Nbd2 Nc5 17. Qc2 f6 18. Bg3 e5 19. Rfd1 Be6 20. Nb1 d4
21. Nbd2 d3 22. Qc1 Rxa4 23. Rxa4 Nxa4 24. Qa1 Nc5 25. e4 Qa8 26. Ne1 Rd8
27. f3 Qa4 28. Qxa4 Nxa4 29. Bf2 Nc3 30. Ra1 Nxb5 31. Bxb6 Rc8 32. Ra5 Rxc6
33. Rxb5 Rxb6 34. Rxb6 Bc5+ 35. Kf1 Bxb6 36. Nxd3 Kf7 37. Ke2 Bd7 38. Nc4
Bc7 39. Ne3 Bb5 40. Kd2 Ba5+ 41. Kc2 g6 42. h3 Ke6 43. g4 Bb6 44. Nd5 Bd8
45. Nc5+ Kf7 46. Nd3 Bc4 47. Ne3 Be6 48. Nc5 Bc8 49. Nd5 h5 50. Kd3 h4 51.
Kc4 f5 52. Kb5 fxg4 53. fxg4 Bg5 54. Nd3 Ke6 55. Kc6 Bd7+ 56. Kc7 Bb5 57.
Nc5+ Kf7 58. Kd6 Bf1 59. Nd7 Bxh3 60. Nxe5+ Kg7 61. Nc7 Bc1 62. Ne6+ Kg8 63.
Ke7 Bb2 64. Nxg6 Bxg4 65. Ng5 h3 66. Nxh3 Bxh3 67. e5 Bf5 68. Nh4 Be4 69. e6
Be5 70. Kd7 Bf6 71. e7 Bxe7 72. Kxe7
{Game drawn because neither player has mating material}
1/2-1/2

[Event "ICC Open 2015"]
[Site "Internet Chess Club"]
[Date "2015.05.29"]
[Round "5"]
[White "tristanfran"]
[Black "BigSerge"]
[Result "0-1"]
[ICCResult "White checkmated"]
[WhiteElo "1803"]
[BlackElo "1957"]
[Opening "Giuoco Piano: four knights variation"]
[ECO "C55"]
[NIC "IG.01"]
[Time "20:08:46"]
[TimeControl "180+0"]

1. e4 e5 2. Nf3 Nc6 3. Bc4 Nf6 4. Nc3 Bc5 5. O-O d6 6. h3 h6 7. d3 Be6 8.
Bb3 Bb6 9. Nd5 Bxd5 10. exd5 Ne7 11. c4 Qd7 12. Re1 O-O-O 13. a4 a5 14. Bd2
g5 15. Nh2 Rdg8 16. Bc2 g4 17. hxg4 Nxg4 18. Nxg4 Rxg4 19. b4 Rhg8 20. Qf3
Rxg2+ 21. Qxg2 Rxg2+ 22. Kxg2 Qg4+ 23. Kf1 Nf5 24. bxa5 Ba7 25. Re4 Qh3+ 26.
Ke2 Nd4+ 27. Kd1 Qf3+ 28. Kc1 Qxf2 29. Ra2 f5 30. Re1 f4 31. Bd1 Nf3 32.
Bxf3 Qxf3 33. Bc3 Qxd3 34. Rc2 Qxc4 35. Rd1 Qxa4 36. Kd2 Be3+ 37. Ke2 Qxc2+
38. Ke1 Qe4 39. Rd2 Qf3 40. Re2 Qh1# {White checkmated} 0-1

[Event "ICC Open 2015"]
[Site "Internet Chess Club"]
[Date "2015.05.29"]
[Round "5"]
[White "Irenaeus"]
[Black "Smays"]
[Result "1-0"]
[ICCResult "Black forfeits on time"]
[WhiteElo "1819"]
[BlackElo "1625"]
[Opening "Robatsch defense"]
[ECO "B06"]
[NIC "KF.06"]
[Time "20:08:54"]
[TimeControl "180+0"]

1. e4 g6 2. Nc3 Bg7 3. d4 c5 4. Be3 cxd4 5. Bxd4 Nf6 6. e5 Ng8 7. e6 f6 8.
exd7+ Bxd7 9. Nf3 Nh6 10. Bc4 Nf7 11. O-O O-O 12. Qd2 a6 13. Rad1 Qc7 14.
Bxf7+ Rxf7 15. Nd5 Qc8 16. Nb6 Qe8 17. Nxa8 Nc6 18. Nb6 Nxd4 19. Nxd4 e5 20.
Nb3 Bc6 21. Nc4 Qe6 22. Ne3 Rd7 23. Qb4 Re7 24. Qc4 Kf7 25. Qxe6+ Kxe6 26.
Nc5+ Kf7 27. Rd6 f5 28. Rfd1 Bf8 29. Nd5 Re8 30. Rf6+ Kg7 31. Rxf8 Rxf8 32.
Nb4 Rc8 33. Ne6+ Kf6 34. Nxc6 Kxe6 35. Nb4 Rc4 36. a3 a5 37. b3 Rc3 38. Nd3
Rxc2 39. h4 e4 40. Nf4+ Ke5 41. g3 Rc3 42. Rd5+ Kf6 43. Rb5 h6 44. Rxf5+
{Black forfeits on time}
1-0

[Event "ICC Open 2015"]
[Site "Internet Chess Club"]
[Date "2015.05.29"]
[Round "5"]
[White "marcocoimbra"]
[Black "RaiseTheCurve"]
[Result "0-1"]
[ICCResult "White resigns"]
[WhiteElo "1434"]
[BlackElo "1957"]
[Opening "Bird's opening"]
[ECO "A03"]
[NIC "VO.07"]
[Time "20:09:22"]
[TimeControl "180+0"]

1. f4 d5 2. d4 Nf6 3. e3 c6 4. Bd3 Bg4 5. Be2 Bf5 6. Bd3 Bg4 7. Be2 Bc8 8.
Bd3 h6 9. Nd2 Nbd7 10. Ngf3 e6 11. O-O b6 12. Qe2 Bd6 13. a3 O-O 14. b4 a5
15. b5 c5 16. a4 c4 17. Bxc4 dxc4 18. Nxc4 Bc7 19. Nce5 Bb7 20. Ba3 Re8 21.
c4 Ne4 22. Nd2 Ndf6 23. Nxe4 Bxe4 24. Rac1 Rc8 25. c5 Nd5 26. c6 Bd6 27. Qa2
Bxa3 28. Qxa3 Nb4 29. Nd7 Qh4 30. Qc3 Nd5 31. Qe1 Qg4 32. Rf2 Red8 33. Ne5
Qf5 34. Nd7 Qg6 35. Nxb6 Nxb6 36. Qxa5 Nd5 37. Qa7 Nxe3 38. c7 Rf8 39. b6
Nxg2 40. Kf1 Ne3+ 41. Ke1 Qg1+ 42. Ke2 Qxc1 43. b7 Bxb7 44. Qxb7 Rxc7 45. a5
Rxb7 46. a6 Ra7 {White resigns} 0-1

[Event "ICC Open 2015"]
[Site "Internet Chess Club"]
[Date "2015.05.29"]
[Round "5"]
[White "Sebs"]
[Black "BlitzorDDD"]
[Result "0-1"]
[ICCResult "White resigns"]
[WhiteElo "2967"]
[BlackElo "3183"]
[Opening "Grünfeld: Russian, Levenfish variation"]
[ECO "D97"]
[NIC "GI.10"]
[Time "20:09:03"]
[TimeControl "180+0"]

1. d4 g6 2. c4 Bg7 3. Nf3 Nf6 4. Nc3 d5 5. Qb3 dxc4 6. Qxc4 O-O 7. e4 b6 8.
Qb3 Bb7 9. e5 Nd5 10. Be2 c5 11. dxc5 Nxc3 12. Qxc3 Nd7 13. O-O Nxc5 14. Be3
Rc8 15. Rac1 Qd7 16. Rfd1 Qa4 17. Qc4 Qxc4 18. Rxc4 Bxf3 19. Bxf3 Bxe5 20.
Bxc5 Rxc5 21. Rxc5 bxc5 22. b3 Bd4 23. Kf1 a5 24. Ke2 e6 25. Bc6 Rb8 26. f3
Kg7 27. Kd3 h6 28. g3 g5 29. f4 gxf4 30. gxf4 Kf6 31. Ke4 Rg8 32. Kf3 Rc8
33. Be4 Rc7 34. Rc1 Ke7 35. Rc2 Kd6 36. f5 Ke5 37. fxe6 fxe6 38. Bd3 Rf7+
39. Kg2 Kd6 40. Re2 e5 41. Kg3 Rg7+ 42. Kf3 Rf7+ 43. Kg3 Ra7 44. Kg4 a4 45.
Kh5 axb3 46. axb3 Rf7 47. Kxh6 Rf3 48. Bc4 Be3+ 49. Kh5 e4 50. Kg4 Ke5 51.
h4 Bf4 52. h5 Rg3+ 53. Kh4 Rg1 54. Kh3 Kf5 55. Bd5 Rg3+ 56. Kh4 e3 57. h6
Rg4+ 58. Kh3 Rg3+ 59. Kh4 Rg6 60. Kh3 Ke5 61. Bc4 Rxh6+ 62. Kg2 Ke4 63. Kf1
Rd6 64. Kg2 Rd1 65. Re1 Rxe1 {White resigns} 0-1

[Event "ICC Open 2015"]
[Site "Internet Chess Club"]
[Date "2015.05.29"]
[Round "5"]
[White "Cinzento"]
[Black "PajoPatak"]
[Result "0-1"]
[ICCResult "White forfeits on time"]
[WhiteElo "1708"]
[BlackElo "1562"]
[Opening "Sicilian: Najdorf, 6...e6"]
[ECO "B95"]
[NIC "SI.04"]
[Time "20:08:51"]
[TimeControl "180+0"]

1. e4 c5 2. Nf3 d6 3. d4 cxd4 4. Nxd4 Nf6 5. Nc3 a6 6. Bg5 e6 7. Qd2 Nbd7 8.
Bc4 h6 9. Bh4 Qc7 10. Bb3 Nc5 11. O-O-O Bd7 12. Rhe1 O-O-O 13. f3 Kb8 14.
Bg3 Ka8 15. Qe3 Nxb3+ 16. Nxb3 Be7 17. Bf2 b5 18. a4 b4 19. Qe2 bxc3 20.
Qxa6+ Kb8 21. Na5 Bxa4 22. bxc3 Nd7 23. Rd4 d5 24. exd5 Bc5 25. Bg3 e5 26.
Rxe5 Nxe5 27. Bxe5 Rd6 28. Bxd6 Bxd6 29. Nc6+ Bxc6 30. dxc6 Bf4+ 31. Kb2 Bd6
32. Ra4 Ba3+ 33. Kxa3 Qd6+ 34. Rb4+ Kc7 35. Qb7+ Kd8 36. Qa8+ Ke7 37. Qa7+
Kf6 {White forfeits on time} 0-1

[Event "ICC Open 2015"]
[Site "Internet Chess Club"]
[Date "2015.05.29"]
[Round "5"]
[White "HardAsfalt"]
[Black "yaguaro"]
[Result "0-1"]
[ICCResult "White checkmated"]
[WhiteElo "1685"]
[BlackElo "2077"]
[Opening "Alekhine's defense: Scandinavian variation"]
[ECO "B02"]
[NIC "AL.10"]
[Time "20:10:29"]
[TimeControl "180+0"]

1. e4 Nf6 2. Nc3 d5 3. e5 Ne4 4. Nf3 Bg4 5. Be2 e6 6. d4 Bb4 7. Bd2 Nxd2 8.
Qxd2 c5 9. Bb5+ Nc6 10. Ng5 h6 11. f3 Bf5 12. a3 Bxc3 13. Qxc3 Qxg5 14. Qxc5
Qe3+ 15. Kf1 Rc8 16. Qxa7 O-O 17. Bxc6 bxc6 18. Re1 Qd2 19. h3 Qxc2 20. Qe7
Qxb2 21. Kg1 Qxd4+ 22. Kh2 Qf4+ 23. g3 Qxf3 24. Ref1 Qe2+ 25. Kg1 Be4 26.
Rh2 Qe3+ 27. Rhf2 Rce8 28. Qh4 Bd3 29. Rd1 Bc2 30. Rd2 Qe1+ 31. Kg2 Be4+ 32.
Rf3 Qxd2+ 33. Kf1 Bxf3 34. Qf4 Qe2+ 35. Kg1 Qg2# {White checkmated} 0-1

[Event "ICC Open 2015"]
[Site "Internet Chess Club"]
[Date "2015.05.29"]
[Round "5"]
[White "Parsifal"]
[Black "playformaximum"]
[Result "0-1"]
[ICCResult "White forfeits on time"]
[WhiteElo "2420"]
[BlackElo "2981"]
[Opening "Queen's pawn: Keres defense"]
[ECO "A40"]
[NIC "QO.17"]
[Time "20:09:22"]
[TimeControl "180+0"]

1. d4 e6 2. c4 b6 3. e4 Bb7 4. Bd3 Bb4+ 5. Kf1 Be7 6. Nc3 d6 7. f4 Nf6 8.
Nf3 O-O 9. Qe2 c5 10. d5 exd5 11. cxd5 Re8 12. Bd2 Bf8 13. Qf2 c4 14. Bc2
Nbd7 15. Re1 Nc5 16. h3 b5 17. a3 a5 18. Qd4 b4 19. Nd1 c3 20. bxc3 b3 21.
Bb1 g6 22. c4 Bg7 23. e5 Nfd7 24. Bc3 Na4 25. Ba1 Qb6 26. Qxb6 Ndxb6 27. Bd3
Ba6 28. Nd2 Nc5 29. Be2 dxe5 30. fxe5 Bxe5 31. Bxe5 Rxe5 32. Nb2 Rae8 33.
Kf2 Nxd5 34. Nf3 R5e7 35. Bd1 Nf4 36. Rxe7 Rxe7 37. Nd4 Nfd3+ 38. Nxd3 Nxd3+
39. Kg3 Bxc4 40. Bxb3 Re3+ 41. Kh2 Ne5 42. Bxc4 Nxc4 43. a4 Ra3 44. Nb5 Rxa4
45. Rc1 Ne3 46. Rc3 Nf5 47. Rc5 h5 48. Nc3 Ra3 49. Nd5 a4 50. Rc8+ Kg7 51.
Ra8 h4 52. Nb6 Ng3 53. Rxa4 Rb3 {White forfeits on time} 0-1

[Event "ICC Open 2015"]
[Site "Internet Chess Club"]
[Date "2015.05.29"]
[Round "5"]
[White "supermonkey"]
[Black "saya"]
[Result "0-1"]
[ICCResult "White forfeits on time"]
[WhiteElo "1846"]
[BlackElo "2536"]
[Opening "Sicilian: Najdorf, 6.Bg5"]
[ECO "B94"]
[NIC "SI.04"]
[Time "20:09:04"]
[TimeControl "180+0"]

1. e4 c5 2. Nf3 d6 3. d4 cxd4 4. Nxd4 Nf6 5. Nc3 a6 6. Bg5 Nbd7 7. f4 Qc7 8.
Qf3 h6 9. Bh4 g5 10. fxg5 hxg5 11. Bxg5 Qc5 12. Be3 Ne5 13. Qe2 Neg4 14. Bg1
Bh6 15. h3 Bf4 16. Ne6 Bg3+ 17. Kd1 Qc6 18. Nd4 Qc7 19. Qf3 Be5 20. Be2 Bd7
21. a4 O-O-O 22. Ncb5 axb5 23. axb5 Be6 24. b6 Qxb6 25. Nxe6 Qxb2 26. Ra8+
Kd7 27. Nxd8 Bc3 28. Qf5+ e6 29. Qb5+ Ke7 30. Qxb2 Bxb2 31. Bxg4 Nxg4 32.
Ke2 Nf6 33. Bb6 Nxe4 34. Nxb7 Rxa8 35. Rd1 d5 36. h4 f5 37. h5 Rg8 38. Kf3
Rg3+ 39. Kf4 Rg4+ 40. Kf3 Be5 41. Ke2 Rxg2+ 42. Kd3 Rg3+ 43. Ke2 Rh3 44. Kf1
Rh1+ 45. Ke2 Rxh5 46. Ke1 Rh1+ 47. Ke2 Rxd1 48. Kxd1 Kd7 49. Kc1 Kc6 50. Kd1
Kxb7 51. Be3 Kc6 52. Bd2 Bd6 53. Be1 Bc5 54. Bf2 d4 55. Ke2 Kd5 56. Kd1 d3
{White forfeits on time}
0-1

[Event "ICC Open 2015"]
[Site "Internet Chess Club"]
[Date "2015.05.29"]
[Round "5"]
[White "Doondoon"]
[Black "croder"]
[Result "1-0"]
[ICCResult "Black forfeits on time"]
[WhiteElo "1703"]
[BlackElo "1528"]
[Opening "QGD semi-Slav"]
[ECO "D43"]
[NIC "SL.06"]
[Time "20:08:47"]
[TimeControl "180+0"]

1. d4 d5 2. c4 e6 3. Nc3 c6 4. Nf3 Nf6 5. Bg5 Be7 6. e3 O-O 7. Bd3 Nbd7 8.
O-O Re8 9. Rc1 Nf8 10. Re1 N6d7 11. Bxe7 Qxe7 12. Qc2 Qf6 13. a3 a6 14. b4
Ng6 15. a4 Ndf8 16. b5 Bd7 17. bxa6 bxa6 18. Rb1 Rab8 19. Rxb8 Rxb8 20. Rb1
Rd8 21. Rb6 a5 22. Ra6 e5 23. Bxg6 Nxg6 24. c5 e4 25. Ne1 Qg5 26. Rxa5 Nh4
27. Qe2 Bg4 28. Qf1 Bh3 29. Kh1 Be6 30. Ne2 h5 31. Nf4 Bd7 32. Ra7 Qh6 33.
a5 g5 34. Ne2 Nf5 35. Ng3 Nxg3+ 36. fxg3 Be6 37. Qf2 Rb8 38. h3 g4 39. h4
Rb3 40. Nc2 Rb2 41. Ra8+ Kg7 42. a6 Ra2 43. a7 Qf6 44. Qxf6+ Kxf6 45. Kh2
Bd7 46. Nb4 Ra5 47. Kg1 Ke7 48. Kf2 Be8 49. Rc8 Bd7 50. Nxc6+ Bxc6 51. Rxc6
Rxa7 52. Rd6 Rd7 53. Rxd7+ Kxd7 54. Ke2 Kc6 55. Kd2 f5 56. Kc3 Kb5 57. Kb3
Kc6 58. Kb4 Kc7 59. Kb5 Kb7 60. c6+ Kc7 61. Kc5 Kd8 62. Kxd5 Kc7 63. Ke5
Kxc6 64. Kxf5 Kd7 65. Kxe4 Ke8 66. Kf4 Kf7 67. Kg5 Kg7 68. Kxh5 Kf6 69. Kxg4
Kg6 70. h5+ Kh6 71. Kh4 Kg7 72. d5 Kh6 73. d6 Kg7 74. d7 Kf6 75. d8=Q+ Ke5
76. Qg5+ Ke4 77. h6 Kd3 78. h7 Ke2 79. Qf4 Ke1 80. e4 Kd1 81. h8=Q Kc2 82.
Qb2+ Kxb2 83. Qd2+ Kb3 84. e5 Ka4 85. e6 {Black forfeits on time} 1-0

[Event "ICC Open 2015"]
[Site "Internet Chess Club"]
[Date "2015.05.29"]
[Round "5"]
[White "PITCHUS"]
[Black "Vassili"]
[Result "0-1"]
[ICCResult "White forfeits on time"]
[WhiteElo "1794"]
[BlackElo "2340"]
[Opening "King's Indian: fianchetto, Uhlmann (Szabo) variation"]
[ECO "E62"]
[NIC "KI.72"]
[Time "20:09:18"]
[TimeControl "180+0"]

1. Nf3 Nf6 2. g3 g6 3. Bg2 Bg7 4. O-O O-O 5. c4 d6 6. Nc3 Nc6 7. d4 e5 8.
dxe5 dxe5 9. Qxd8 Rxd8 10. Bg5 Re8 11. Nb5 Re7 12. Rad1 h6 13. Bxf6 Bxf6 14.
Nd2 a6 15. Bxc6 bxc6 16. Ne4 axb5 17. Nxf6+ Kg7 18. Ne4 Rxa2 19. cxb5 cxb5
20. Rd2 Be6 21. Rc1 Bc4 22. Nc3 Ra5 23. e4 f6 24. Nd5 Rd7 25. Rdc2 c6 26.
Ne3 Bd3 27. Rxc6 Bxe4 28. Rc7 Ra7 29. Rxa7 Rxa7 30. Nf1 g5 31. Nd2 Bd3 32.
Nb3 Kg6 33. Nc5 Bc4 34. b3 Bd5 35. g4 b4 36. h3 Rc7 37. Nd3 Rxc1+ 38. Nxc1
f5 39. gxf5+ Kxf5 40. Nd3 Bxb3 41. Nxb4 Bc4 42. Nc6 Kf4 43. Ne7 h5 44. Ng6+
Kf5 45. Ne7+ Ke6 46. Nc6 h4 47. Nb4 Kf5 48. Nc2 Ke4 49. Ne3 Be6 50. Kg2 Kf4
51. Nc2 e4 52. Nd4 Bd7 53. Ne2+ Ke5 54. Nc3 Kf4 55. Nd1 g4 56. hxg4 Bxg4 57.
Ne3 Bf3+ 58. Kh2 Bh5 59. Kg2 Bf7 60. Nf1 Be6 61. Ne3 h3+ 62. Kg1 Kf3 63. Nf1
Bc4 64. Nd2+ Ke2 65. Kh2 Kxd2 {White forfeits on time} 0-1

[Event "ICC Open 2015"]
[Site "Internet Chess Club"]
[Date "2015.05.29"]
[Round "5"]
[White "Bagelhead"]
[Black "shredded"]
[Result "0-1"]
[ICCResult "White forfeits on time"]
[WhiteElo "2330"]
[BlackElo "2737"]
[Opening "French: Winawer, advance variation"]
[ECO "C16"]
[NIC "FR.09"]
[Time "20:09:02"]
[TimeControl "180+0"]

1. e4 e6 2. d4 d5 3. Nc3 Bb4 4. e5 Ne7 5. a3 Bxc3+ 6. bxc3 b6 7. Nf3 Ba6 8.
Bd3 Bxd3 9. cxd3 Nbc6 10. O-O Qd7 11. a4 O-O 12. Nh4 Nf5 13. Nxf5 exf5 14.
Re1 Nd8 15. a5 Re8 16. Qb3 Ne6 17. Bd2 b5 18. a6 g5 19. Qd1 Kg7 20. Qf3 f4
21. Qg4 Kg6 22. h4 h5 23. Qe2 g4 24. g3 f3 25. Qe3 Rh8 26. Red1 Rad8 27. Bc1
c6 28. Bb2 Kh7 29. Rac1 Rhe8 30. c4 Rc8 31. Ba3 bxc4 32. dxc4 Red8 33. Rb1
Rb8 34. Rxb8 Rxb8 35. Bc1 Ng7 36. Qh6+ Kg8 37. Bg5 Qf5 38. Bf6 Qg6 39. Qf4
Ne6 40. Qc1 Re8 41. cxd5 cxd5 42. Qb1 Rf8 43. Qxg6+ fxg6 44. Rc1 Rf7 45. Rd1
Rf8 46. Kf1 Rc8 47. Ke1 Rc4 48. Kd2 Nxd4 49. Kd3 Nb5 50. Rb1 Rc3+ 51. Kd2
Rc5 52. Be7 Rc6 53. Rxb5 Rxa6 54. Rb8+ Kf7 55. Rb7 Ra2+ 56. Ke3 Ke6 57. Kf4
Ra4+ 58. Kg5 Kxe5 59. Kxg6 Kd4 60. Bf6+ Kd3 61. Bg5 Re4 62. Bf4 Ke2 63. Kg5
Kf1 64. Kxh5 Kg2 65. Kxg4 Re5 66. Bxe5 d4 67. Bxd4 Kf1 68. Be3 Kg2
{White forfeits on time}
0-1

[Event "ICC Open 2015"]
[Site "Internet Chess Club"]
[Date "2015.05.29"]
[Round "5"]
[White "nihil95"]
[Black "Spirals"]
[Result "1-0"]
[ICCResult "Black forfeits on time"]
[WhiteElo "1746"]
[BlackElo "2108"]
[Opening "Sicilian"]
[ECO "B53"]
[NIC "SI.01"]
[Time "20:09:14"]
[TimeControl "180+0"]

1. e4 c5 2. Nf3 d6 3. d4 cxd4 4. Bc4 e6 5. O-O Nc6 6. c3 dxc3 7. Nxc3 Be7 8.
Bf4 e5 9. Bg3 Nf6 10. h3 O-O 11. Qe2 Be6 12. Bb5 a6 13. Ba4 b5 14. Bc2 Rc8
15. Rac1 Qb6 16. Rfd1 Rfd8 17. Nd5 Bxd5 18. exd5 Nb4 19. Bh4 Nxc2 20. Rxc2
h6 21. Rxc8 Rxc8 22. g4 Qc5 23. Bxf6 Bxf6 24. Rd2 Qc4 25. Qe3 e4 26. g5 hxg5
27. Nxg5 Re8 28. Rd1 Qc2 29. Rd2 Qb1+ 30. Kg2 Qxa2 31. Nxe4 Kf8 32. f3 Qc4
33. Qf4 Be5 34. Qf5 Kg8 35. Ng5 Qc7 36. Qh7+ Kf8 37. Re2 Qd7 38. f4 Ke7 39.
fxe5 dxe5 40. Qxg7 Kd8 41. Qxf7 Qxf7 42. Nxf7+ Kd7 43. Rf2 Re7 44. Nxe5+
{Black forfeits on time}
1-0

[Event "ICC Open 2015"]
[Site "Internet Chess Club"]
[Date "2015.05.29"]
[Round "5"]
[White "Rotchopf"]
[Black "bengalla2001"]
[Result "1-0"]
[ICCResult "Black forfeits on time"]
[WhiteElo "1889"]
[BlackElo "1322"]
[Opening "Scandinavian (center counter) defense"]
[ECO "B01"]
[NIC "VO.17"]
[Time "20:09:18"]
[TimeControl "180+0"]

1. e4 d5 2. e5 Bf5 3. c3 e6 4. Nf3 c5 5. Bb5+ Nc6 6. d4 a6 7. Ba4 b5 8. Bc2
Bxc2 9. Qxc2 Nge7 10. dxc5 Ng6 11. Bg5 Be7 12. Bxe7 Qxe7 13. b4 Ngxe5 14.
Nbd2 O-O 15. a4 Rfb8 16. O-O Nc4 17. Nxc4 dxc4 18. Qe4 Qc7 19. Ng5 g6 20.
Rfd1 Ne5 21. axb5 Nd3 22. bxa6 Ra7 23. Rdb1 Rba8 24. b5 Nxc5 25. Qxc4 Nd7
26. Qb4 Qb6 27. c4 Nc5 28. Nf3 Qd6 29. Rd1 Kg7 30. Rxd6 Kf6 31. Qxc5 h6 32.
Qe5+ Ke7 33. Rc6 Rd7 34. b6 Rad8 35. Rc7 Ke8 36. Rxd7 Rxd7 37. Qh8+ Ke7 38.
h3 e5 39. b7 e4 40. Ne5 Ke6 41. Nxg6 Kf5 42. Qe5+ {Black forfeits on time}
1-0